 Dungeon Crawl Stone Soup version 0.17-a0-1650-gce8475a (webtiles) character file.

203828 urechis the Devastator (level 17, -2/93 HPs)
             Began as a Deep Elf Conjurer on Aug 12, 2015.
             Was the Champion of Vehumet.
             Killed from afar by Nikola (29 damage)
             ... with a chain lightning
             ... on level 3 of the Swamp on Aug 13, 2015.
             The game lasted 05:20:00 (50242 turns).

urechis the Devastator (Deep Elf Conjurer)         Turns: 50242, Time: 05:20:00

Health: -2/93      AC: 16    Str:  5    XL:     17   Next: 99%
Magic:  19/38      EV: 18    Int: 36    God:    Vehumet [******]
Gold:   3304       SH:  5    Dex: 15    Spells: 11 memorised, 3 levels left

rFire  + . .     SeeInvis .     a - staff of fire
rCold  . . .     Clarity  .     p - +5 steam dragon armour
rNeg   + + .     SustAt   .     I - +0 buckler
rPois  +         Gourm    .     i - +1 hat {Int+3}
rElec  .         Spirit   .     k - +0 cloak
rCorr  .         Warding  .     Y - +0 pair of gloves "Vofuozas" {rN++ Int+5 Stlth+}
rMut   .         Stasis   .     E - +2 pair of boots
MR     +....                    f - amulet of regeneration
Stlth  +++.......               S - ring of poison resistance
                                h - ring of flight

@: delayed fireball, somewhat resistant to hostile enchantments, fairly stealthy
A: no striking features
a: Renounce Religion, Release Delayed Fireball, Evoke Flight
}: 1/15 runes: gossamer


You were on level 3 of the Swamp.
You worshipped Vehumet.
Vehumet was exalted by your worship.
You were not hungry.

You visited 6 branches of the dungeon, and saw 35 of its levels.

You collected 3405 gold pieces.
You spent 101 gold pieces at shops.

Inventory:

Armour
 i - a +1 hat of intelligence (worn)
 k - a +0 cloak (worn)
 p - a +5 steam dragon armour (worn)
 E - a +2 pair of boots (worn)
 I - a +0 buckler (worn)
 Y - the +0 pair of gloves "Vofuozas" (worn) {rN++ Int+5 Stlth+}
   (You acquired it on level 13 of the Dungeon)

   It affects your intelligence (+5).
   It greatly protects you from negative energy.
   It makes you more stealthy.
Magical staves
 a - an uncursed staff of fire (weapon)
Jewellery
 f - an amulet of regeneration (around neck)
 h - a ring of flight (left hand)
 j - an uncursed amulet of warding
 L - an uncursed ring of fire
 P - an uncursed ring of see invisible
 S - a ring of poison resistance (right hand)
 V - an uncursed ring of fire
Magical devices
 u - a wand of teleportation (6)
 x - a wand of cold (15)
Scrolls
 b - a scroll of identify
 e - 7 scrolls of blinking
 g - 14 scrolls of teleportation
 m - a scroll of fear
 q - 11 scrolls of remove curse
 r - 3 scrolls of fog
 s - 4 scrolls of enchant armour
 t - 5 scrolls of magic mapping
 v - a scroll of amnesia
 y - 7 scrolls of recharging
 z - 5 scrolls of enchant weapon
 A - 4 scrolls of immolation
Potions
 d - a potion of magic {unknown}
 n - 3 potions of heal wounds
 o - 5 potions of flight
 B - 5 potions of invisibility
 C - 2 potions of cure mutation {unknown}
 D - 2 potions of haste {unknown}
 H - 2 potions of cancellation
 J - 4 potions of agility
 N - 6 potions of ambrosia
 O - a potion of experience {unknown}
 Q - 2 potions of degeneration {unknown}
 T - 4 potions of curing
 W - 6 potions of brilliance
Comestibles
 c - 12 bread rations
 M - 16 meat rations


   Skills:
 - Level 6.0 Fighting
 - Level 12.0 Staves
 - Level 10.0 Dodging
 - Level 2.4 Stealth
 - Level 4.0 Shields
 + Level 15.5 Spellcasting
 * Level 17.3 Conjurations
 - Level 11.0 Charms
 - Level 10.0 Summonings
 * Level 15.6 Fire Magic
 - Level 10.0 Evocations


You had 3 spell levels left.
You knew the following spells:

 Your Spells              Type           Power        Failure   Level  Hunger
a - Force Lance           Conj/Tloc      ######..     1%          4    None
b - Spellforged Servitor  Conj/Summ      #######...   1%          7    ####...
c - Iskenderun's Battles  Conj/Chrm      #######.     1%          5    None
d - Conjure Flame         Conj/Fire      ########     0%          3    None
e - Mephitic Cloud        Conj/Pois/Air  ######..     1%          3    None
f - Swiftness             Chrm/Air       ######..     1%          2    None
g - Sticky Flame          Conj/Fire      ########     0%          4    None
h - Delayed Fireball      Conj/Fire      N/A          1%          7    ####...
i - Orb of Destruction    Conj           ########..   1%          7    ####...
j - Cure Poison           Pois           ####......   1%          2    None
z - Fireball              Conj/Fire      ########..   1%          5    None


Dungeon Overview and Level Annotations

Branches:
Dungeon (15/15) Temple (1/1) D:6 Lair (8/8) D:11 Swamp (3/4) Lair:4 Spider (4/4) Lair:4 Slime (0/6) Lair:6 Orc (4/4) D:11 Elf (0/3) Orc:4 Vaults (0/5) D:13 D:14 Depths (0/5) D:15

Altars:
Ashenzari
Cheibriados
Dithmenos
Elyvilon
Fedhas
Gozag
Kikubaaqudgha
Makhleb
Nemelex Xobeh
Okawaru
Qazlal
Ru
Sif Muna
Trog
Vehumet
Xom
Yredelemnul
Zin
The Shining One

Shops:
D:9 (%*   D:12 (   D:13 ?   Orc:4 *(}*

Portals:
Trove: D:14 (give horn of Geryon)

Annotations:
Swamp:3 Nikola


Message History

Nikola is engulfed in noxious fumes.
Nikola hits you but does no damage.
You closely miss Nikola.
Nikola is moderately wounded.
You hit Nikola. You burn Nikola!
Nikola is heavily wounded.
Nikola is engulfed in noxious fumes.
Nikola gestures at you while chanting. The zap hits you!
You hit Nikola. You burn Nikola!
Nikola is heavily wounded.
You hit Nikola but do no damage. You burn Nikola!
Nikola is heavily wounded.
Nikola is engulfed in noxious fumes.
Nikola gestures wildly while chanting.
You hear a mighty clap of thunder!
The lightning arc hits you!
The lightning arc hits Nikola.
The lightning arc hits you!
* * * LOW HITPOINT WARNING * * *
The lightning arc hits Nikola.
The lightning arc hits you!
You die...

♣♣♣ ♣♣§≈♣♣♣
♣♣♣.≈≈≈.♣♣♣♣
...<.≈≈≈./§≈♣♣♣
≈≈≈≈♣.≈≈@@§§§†♣
≈≈≈ ♣.≈≈.≈≈≈§.≈...
≈≈≈.....♣.≈≈.§≈≈≈.
≈≈≈.♣♣♣≈.≈≈......
≈≈≈♣ ♣..≈.≈♣..≈≈
≈≈≈ ♣.≈≈.♣♣♣.≈. §≈
♣.≈≈≈≈ .♣♣ ♣≈.≈≈.≈


You could see Nikola.

Vanquished Creatures
  Rupert (D:15)
  A thorn hunter (Swamp:1)
  Roxanne (D:15)
  Maud (Orc:4)
  3 emperor scorpions (Spider:4)
  A fire giant (D:15)
  5 ghost moths
  Louise (Spider:3)
  A stone giant (Orc:3)
  Nessos (Lair:6)
  2 salamander stormcallers (D:12)
  Snorg (D:12)
  Josephine (D:12)
  4 entropy weavers
  A fire dragon (Lair:8)
  Fannar (Orc:2)
  2 catoblepae (Lair:8)
  The ghost of nago the Champion of Chaos, a powerful DsIE of Makhleb (D:13)
  A ghost crab (Swamp:2)
  6 centaur warriors
  13 hydras
  3 alligators
  A tengu warrior (D:13)
  A queen ant (Spider:1)
  Urug (D:11)
  An orc high priest (Orc:3)
  Nergalle (D:10)
  A skeletal warrior (D:14)
  3 unseen horrors
  A spriggan druid (Swamp:2)
  A swamp dragon (Swamp:2)
  A shambling mangrove (Swamp:2)
  20 hill giants
  33 wolf spiders
  Pikel (D:9)
  A wolf spider zombie (D:15)
  15 orb spiders
  4 orc knights
  An orc sorcerer (Orc:2)
  A wizard (D:12)
  A lindwurm (Lair:7)
  5 moths of wrath
  9 hornets
  3 ugly things
  9 cyclopes
  3 oklob plants (Lair:6)
  4 manticores
  4 elephants (Lair:7)
  4 centaur zombies
  2 griffons (Lair:8)
  2 torpor snails
  19 spiny frogs
  9 black mambas
  A gargoyle (D:12)
  10 komodo dragons
  A kobold demonologist (D:14)
  9 fire drakes
  7 trolls
  A harpy zombie (D:14)
  2 tengu conjurers
  38 jumping spiders
  An efreet (D:15)
  15 demonic crawlers
  A giant leech (Swamp:2)
  4 polar bears
  A trapdoor spider zombie (D:12)
  2 two-headed ogres
  5 bog bodies
  10 slime creatures
  3 boulder beetles
  25 blink frogs
  3 shadows
  27 tarantellas
  42 redbacks
  33 trapdoor spiders
  7 wyverns
  A yak (shapeshifter) (D:15)
  A vampire (D:12)
  8 basilisks
  7 vampire mosquitoes
  60 yaks
  A steam dragon (D:12)
  4 deep elf magi
  16 humans
  7 wraiths
  Grum (D:11)
  10 hippogriffs
  2 hungry ghosts
  12 wolves
  3 mottled dragons
  13 swamp worms
  6 wargs
  18 soldier ants
  5 swamp drakes
  12 porcupines
  3 black bears
  15 ogres
  21 spiders
  18 water moccasins
  3 phantoms
  36 orc warriors
  3 sky beasts
  5 ice beasts
  19 centaurs
  4 boggarts (D:12)
  23 crocodiles
  8 wasps
  3 big kobolds
  20 giant frogs
  5 scorpions
  19 killer bees
  3 electric eels
  8 wights
  9 crimson imps
  6 giant frog zombies
  44 orc wizards
  A quasit (D:11)
  10 hounds
  A giant frog skeleton (D:10)
  21 orc priests
  6 jellies
  4 centaur skeletons
  9 iguanas
  27 worker ants
  Terence (D:3)
  7 hell rats
  14 sheep
  A hound zombie (D:6)
  A hound skeleton (D:5)
  15 gnolls
  2 worker ant zombies
  11 adders
  91 river rats
  8 shadow imps
  4 worms
  2 adder zombies
  6 giant geckos
  203 orcs
  A ball python (D:2)
  13 bats
  8 giant cockroaches
  6 goblins
  8 hobgoblins
  4 quokkas
  A giant gecko zombie (D:5)
  3 giant newts
  20 jackals
  10 kobolds
  A quokka skeleton (D:8)
  2 quokka zombies
  7 rats
  4 fungi
  5 plants (D:11)
1462 creatures vanquished.

Vanquished Creatures (collateral kills)
  An emperor scorpion (Spider:4)
  An orb spider (Spider:3)
  An ugly thing (D:14)
  A demonic crawler (Spider:3)
  2 deep elf fighters (D:14)
  A deep elf mage (D:14)
  An ogre (D:8)
  A crimson imp (D:11)
  An orc priest (Orc:2)
  4 orcs
14 creatures vanquished.

Vanquished Creatures (others)
  A deep elf knight (D:12)
  An orb spider (Spider:1)
  Psyche (D:9)
  A wraith (D:15)
  A slave (D:9)
  A giant frog (D:12)
  An orc (Orc:2)
  63 fungi
  57 plants
127 creatures vanquished.

Grand Total: 1603 creatures vanquished

Notes
Turn   | Place    | Note
--------------------------------------------------------------
     0 | D:1      | urechis the Deep Elf Conjurer began the quest for the Orb.
     0 | D:1      | Reached XP level 1. HP: 10/10 MP: 6/6
   133 | D:1      | Reached skill level 5 in Conjurations
   133 | D:1      | Reached XP level 2. HP: 15/15 MP: 1/8
   593 | D:2      | Reached XP level 3. HP: 19/19 MP: 4/9
   708 | D:2      | Reached skill level 6 in Conjurations
   718 | D:2      | Reached XP level 4. HP: 24/24 MP: 0/10
  1204 | D:3      | Found a blossoming altar of Fedhas.
  1204 | D:3      | Found a radiant altar of Vehumet.
  1226 | D:3      | Became a worshipper of Vehumet
  1260 | D:3      | Found a sacrificial altar of Ru.
  1285 | D:3      | Noticed Terence
  1366 | D:3      | Killed Terence
  1366 | D:3      | Reached skill level 7 in Conjurations
  1366 | D:3      | Reached XP level 5. HP: 5/28 MP: 3/11
  1373 | D:3      | Learned a level 5 spell: Iskenderun's Battlesphere
  1376 | D:3      | Learned a level 2 spell: Searing Ray
  2110 | D:4      | Reached skill level 1 in Charms
  2719 | D:5      | Entered Level 5 of the Dungeon
  2924 | D:5      | Reached XP level 6. HP: 28/32 MP: 4/12
  3020 | D:5      | Noticed a phantom
  3029 | D:5      | Killed a phantom
  3029 | D:5      | Reached skill level 5 in Charms
  3439 | D:5      | Noticed an ice beast
  3451 | D:5      | Killed an ice beast
  3451 | D:5      | Reached skill level 8 in Conjurations
  3451 | D:5      | Reached XP level 7. HP: 4/36 MP: 1/13
  3729 | D:5      | Noticed a sky beast
  3739 | D:5      | Killed a sky beast
  3931 | D:6      | Found a staircase to the Ecumenical Temple.
  3955 | D:6      | Acquired Vehumet's first power
  3955 | D:6      | Offered knowledge of Sandblast by Vehumet.
  3957 | Temple   | Entered the Ecumenical Temple
  4499 | D:6      | Reached XP level 8. HP: 35/41 MP: 2/14
  4650 | D:6      | Reached skill level 9 in Charms
  5325 | D:6      | Reached skill level 10 in Charms
  5666 | D:5      | Offered knowledge of Freeze by Vehumet.
  6275 | D:7      | Reached skill level 11 in Charms
  6485 | D:7      | Offered knowledge of Conjure Flame by Vehumet.
  6485 | D:7      | Reached skill level 10 in Conjurations
  6490 | D:7      | Learned a level 3 spell: Conjure Flame
  6677 | D:7      | Reached XP level 9. HP: 45/45 MP: 7/16
  6927 | D:7      | Reached skill level 1 in Shields
  7048 | D:7      | Reached skill level 1 in Fire Magic
  7179 | D:7      | Acquired Vehumet's second power
  7285 | D:7      | Reached skill level 1 in Fighting
  8296 | D:8      | Learned a level 3 spell: Mephitic Cloud
  8317 | D:8      | Found an opulent altar of Gozag.
  8500 | D:8      | Offered knowledge of Stone Arrow by Vehumet.
  8892 | D:8      | Acquired Vehumet's third power
  8892 | D:8      | Reached skill level 5 in Spellcasting
  8969 | D:8      | Offered knowledge of Irradiate by Vehumet.
  9369 | D:8      | Reached XP level 10. HP: 46/54 MP: 10/20
  9485 | D:8      | Reached skill level 5 in Fire Magic
  9563 | D:9      | Noticed Psyche
  9568 | D:9      | Noticed Pikel
  9570 | D:9      | Killed Psyche
  9716 | D:9      | Found Waibeodgh's General Store.
  9760 | D:9      | Reached skill level 5 in Dodging
  9769 | D:9      | Killed Pikel
  9809 | D:9      | Found a shimmering altar of Xom.
  9810 | D:9      | Found a burning altar of Makhleb.
 10086 | D:9      | Found Corrimm's Food Shop.
 10291 | D:9      | Found Haaluopyin's Weapon Emporium.
 10435 | D:10     | Entered Level 10 of the Dungeon
 10834 | D:10     | Noticed Nergalle
 10970 | D:10     | Killed Nergalle
 11171 | D:10     | Learned a level 4 spell: Force Lance
 11245 | D:10     | Reached XP level 11. HP: 58/60 MP: 1/23
 11265 | D:10     | Offered knowledge of Sticky Flame by Vehumet.
 11271 | D:10     | Learned a level 4 spell: Sticky Flame
 11496 | D:10     | Reached skill level 12 in Conjurations
 11652 | D:10     | Noticed a hill giant
 11660 | D:10     | Killed a hill giant
 11794 | D:10     | Got a steaming hand axe
 11795 | D:10     | Identified the +8 hand axe of Calamity {venom, Int+6} (You found it on level 10 of the Dungeon)
 11945 | D:11     | Noticed Urug
 11954 | D:11     | Killed Urug
 12441 | D:11     | Noticed Grum
 12449 | D:11     | Killed Grum
 12477 | D:11     | Found a staircase to the Lair.
 12753 | D:11     | Found a staircase to the Orcish Mines.
 13241 | D:12     | Noticed Josephine
 13426 | D:12     | Noticed a salamander stormcaller
 13426 | D:12     | Noticed a centaur warrior
 13426 | D:12     | Noticed a five-headed hydra
 13430 | D:12     | Noticed a catoblepas
 13430 | D:12     | Noticed a deep elf knight
 13439 | D:12     | Killed a deep elf knight
 13759 | Lair:1   | Entered Level 1 of the Lair of Beasts
 14021 | Lair:1   | Reached skill level 13 in Conjurations
 14107 | Lair:1   | Reached XP level 12. HP: 67/67 MP: 21/26
 14612 | Lair:2   | Got a warped falchion
 14613 | Lair:2   | Identified the cursed +1 falchion "Undertaker" {slice, rPois Stlth+} (You found it on level 2 of the Lair of Beasts)
 14639 | Lair:2   | Noticed an eight-headed hydra
 14644 | Lair:2   | Killed an eight-headed hydra
 14761 | Lair:2   | Reached skill level 5 in Fighting
 14771 | Lair:2   | Reached skill level 10 in Fire Magic
 15001 | Lair:2   | Offered knowledge of Fireball by Vehumet.
 15043 | Lair:2   | Learned a level 5 spell: Fireball
 16355 | Lair:4   | Found a hole to the Spider Nest.
 16582 | Lair:4   | Found a staircase to the Swamp.
 17661 | Lair:5   | Reached skill level 14 in Conjurations
 17719 | Lair:5   | Reached XP level 13. HP: 34/74 MP: 6/28
 17724 | Lair:5   | Offered knowledge of Spellforged Servitor by Vehumet.
 18127 | Lair:5   | Reached skill level 10 in Spellcasting
 18261 | Lair:6   | Found a staircase to the Slime Pits.
 18982 | Lair:6   | Noticed Nessos
 19803 | Lair:6   | Killed Nessos
 20271 | Lair:7   | Reached skill level 10 in Dodging
 20331 | Lair:7   | Learned a level 7 spell: Spellforged Servitor
 21016 | Lair:7   | Reached skill level 15 in Conjurations
 21437 | Lair:7   | Reached skill level 1 in Summonings
 22152 | Lair:8   | Entered Level 8 of the Lair of Beasts
 22166 | Lair:7   | Offered knowledge of Delayed Fireball by Vehumet.
 22175 | Lair:7   | Learned a level 7 spell: Delayed Fireball
 22455 | Lair:8   | Reached skill level 5 in Summonings
 22459 | Lair:8   | Reached XP level 14. HP: 80/80 MP: 3/31
 24777 | Lair:8   | Offered knowledge of Poison Arrow by Vehumet.
 24790 | Lair:8   | Got a polished war axe
 24791 | Lair:8   | Identified the +10 war axe of Anosech {antimagic, *Rage rElec Str+2} (You found it on level 8 of the Lair of Beasts)
 25070 | D:11     | Reached skill level 10 in Summonings
 25128 | Orc:1    | Entered Level 1 of the Orcish Mines
 25830 | Orc:2    | Noticed Fannar
 26317 | Orc:2    | Killed Fannar
 26836 | Orc:2    | Offered knowledge of Orb of Destruction by Vehumet.
 28589 | Orc:3    | Got a slimy whip
 28602 | Orc:3    | Got an ebony long sword
 28661 | Orc:3    | Reached XP level 15. HP: 84/84 MP: 25/34
 28670 | Orc:3    | Learned a level 7 spell: Orb of Destruction
 28813 | Orc:3    | Identified the +6 whip of the Lost Souls {slash, rPois Dex+2} (You took it off an orc on level 3 of the Orcish Mines)
 28814 | Orc:3    | Identified the +4 long sword of the Orb {freeze, rC+} (You took it off an orc wizard on level 3 of the Orcish Mines)
 28817 | Orc:3    | Got a scorched silver ring
 28823 | Orc:3    | Identified the ring "Docui" {Str+2 Stlth+} (You took it off an orc on level 3 of the Orcish Mines)
 29177 | Orc:4    | Entered Level 4 of the Orcish Mines
 29214 | Orc:4    | Found a staircase to the Elven Halls.
 29226 | Orc:4    | Offered knowledge of Bolt of Fire by Vehumet.
 29484 | Orc:4    | Reached skill level 1 in Staves
 29504 | Orc:4    | Reached skill level 1 in Evocations
 29676 | Orc:4    | Noticed Maud
 30270 | Orc:4    | Killed Maud
 30610 | Orc:4    | Found Derefyir's Weapon Boutique.
 30610 | Orc:4    | Found Cettar's Gadget Emporium.
 30612 | Orc:4    | Found Fiewni's Assorted Antiques.
 30614 | Orc:4    | Found Cuudout's Assorted Antiques.
 30632 | Orc:4    | Bought a scroll labeled XOESUO VOIZ for 29 gold pieces
 31001 | D:12     | Killed a centaur warrior
 31256 | D:12     | Killed a salamander stormcaller
 31256 | D:12     | Offered knowledge of Lehudib's Crystal Spear by Vehumet.
 31256 | D:12     | Offered knowledge of Fire Storm by Vehumet.
 31256 | D:12     | Offered knowledge of Tornado by Vehumet.
 31431 | D:12     | Noticed a wizard
 31435 | D:12     | Noticed a salamander stormcaller
 31436 | D:12     | Killed a wizard
 31441 | D:12     | Killed a salamander stormcaller
 31449 | D:12     | Got an encrusted long sword
 31462 | D:12     | Identified the +4 long sword "urechis's Curse" {slice, rC+} (You took it off a wizard on level 12 of the Dungeon)
 31557 | D:12     | Killed a five-headed hydra
 31576 | D:12     | Killed Josephine
 31576 | D:12     | Reached skill level 5 in Evocations
 31616 | D:12     | Noticed a hill giant
 31625 | D:12     | Killed a hill giant
 31711 | D:12     | Found Cahiyxiu's Weapon Shoppe.
 32135 | D:12     | Noticed Snorg
 32147 | D:12     | Killed Snorg
 32147 | D:12     | Reached skill level 5 in Staves
 32836 | D:13     | Noticed nago's ghost (powerful DsIE)
 32852 | D:13     | Killed nago's ghost
 33432 | D:13     | Found Orphaemeu's Magic Scroll Shop.
 33442 | D:13     | Bought a scroll of identify for 36 gold pieces
 33442 | D:13     | Bought a scroll of identify for 36 gold pieces
 33443 | D:13     | Identified 2 scrolls of acquirement
 33445 | D:13     | Got a pair of polished gloves
 33456 | D:13     | Identified the +0 pair of gloves "Vofuozas" {rN++ Int+5 Stlth+} (You acquired it on level 13 of the Dungeon)
 34040 | D:14     | Found a gate to the Vaults.
 34121 | D:12     | Upgraded the game from 0.17-a0-1648-g0a089d4 to 0.17-a0-1650-gce8475a
 34528 | D:11     | Noticed a hill giant
 34543 | D:11     | Killed a hill giant
 34659 | Spider:1 | Entered Level 1 of the Spider Nest
 35602 | Spider:1 | Got a bloodstained broad axe
 35623 | Spider:1 | Identified the +5 broad axe of the Special Moons {chop, Str+2 Dex+4} (You found it on level 1 of the Spider Nest)
 36262 | Spider:1 | Reached XP level 16. HP: 78/88 MP: 35/35
 38478 | Spider:1 | Reached skill level 10 in Evocations
 38954 | Spider:2 | Reached skill level 10 in Staves
 39818 | Spider:3 | Noticed Louise
 39825 | Spider:3 | Killed Louise
 41231 | Spider:4 | Entered Level 4 of the Spider Nest
 42530 | Spider:4 | Reached XP level 17. HP: 85/93 MP: 29/37
 43248 | Spider:4 | Reached skill level 16 in Conjurations
 44202 | Spider:4 | Got a gossamer rune of Zot
 44637 | D:10     | Learned a level 2 spell: Cure Poison
 44641 | D:10     | Learned a level 2 spell: Swiftness
 45992 | D:14     | Found a portal to a secret trove of treasure.
 46486 | D:15     | Entered Level 15 of the Dungeon
 46771 | D:15     | Noticed Roxanne
 46786 | D:15     | Noticed Rupert
 46985 | D:15     | Killed Rupert
 47085 | D:15     | Killed Roxanne
 47085 | D:15     | Reached skill level 15 in Fire Magic
 47096 | D:15     | Identified Roxanne's Papyrus of Changing (You took it off Roxanne on level 15 of the Dungeon)
 47290 | D:15     | Reached skill level 15 in Spellcasting
 47360 | D:15     | Found a basalt altar of Yredelemnul.
 47413 | D:15     | Found a staircase to the Depths.
 47936 | Swamp:1  | Entered Level 1 of the Swamp
 48242 | Swamp:1  | Reached skill level 17 in Conjurations
 49910 | Swamp:2  | Found a shattered altar of Ashenzari.
 50231 | Swamp:3  | Noticed Nikola
 50242 | Swamp:3  | Killed from afar by Nikola

Vault maps used:
D:1:      dpeg_arrival_chase
D:2:      first_bread
D:3:      grunt_temple_overflow_open, lemuel_doored_altar, uniq_terence
D:6:      minmay_temple_entry_crystal_x, minivault_10
D:8:      minmay_imperfect_grid, nicolae_overflow_crystal_walls
D:9:      grunt_temple_overflow_champion_of_chaos, serial_shops,
          nicolae_shop_stone, shop, kennysheep_mini, grunt_pizzeria,
          minmay_misc_feat_room, uniq_psyche, uniq_pikel
D:10:     uniq_nergalle
D:11:     due_lair_maze_entry_diamond, orc_0_dummy, uniq_urug, uniq_grum
D:12:     minmay_crescents, serial_shops, shop, uniq_snorg, uniq_josephine
D:13:     serial_shops, nicolae_shop_stone, minmay_unpleasant_kobolds
D:14:     david_vaults_3, hangedman_abyss_or_decor_stagger,
          nicolae_trove_entry_crystal
D:15:     grunt_enter_depths_giant_problem, yredelemnul_altar_generic,
          lab_entry_generic, st_stairs_3, uniq_rupert, uniq_roxanne
Temple:   nicolae_temple_god_jail
Lair:3:   st_stairs_4
Lair:4:   minmay_swamp_entry_eels, spider_nest_entry_webs, beast_lair_carwin_7
Lair:5:   eino_small_chamber_without_monster, infiniplex_staircase_pool_2
Lair:6:   minmay_slime_entry_oklob_open, wad_woods_river_01, uniq_nessos
Lair:7:   kennysheep_rathole, guppyfry_lair_drakes
Lair:8:   guppyfry_lair_end_dragon, hangedman_lair_in_review
Swamp:1:  evilmike_swamp_ruin_rubble_2, swamp_pool5
Swamp:2:  nicolae_swamp_little_tower, nicolae_swamp_godswood
Swamp:3:  nicolae_swamp_round_clearing, swamp_pool1, statue_in_the_mist_lemuel,
          uniq_nikola, uniq_kirke, uniq_donald
Spider:1: spider_trap, zaba_antful_of_joy
Spider:3: uniq_louise
Spider:4: spider_rune_water
Orc:1:    guppyfry_library_mini
Orc:2:    uniq_fannar
Orc:3:    giant_chief_lemuel, nicolae_orc_pool_cavern, minmay_orc_barracks
Orc:4:    st_orc_rangers, uniq_maud

Action                   |  1- 3 |  4- 6 |  7- 9 | 10-12 | 13-15 | 16-18 || total
-------------------------+-------+-------+-------+-------+-------+-------++-------
Melee: Short sword       |     1 |       |       |       |       |       ||     1
       Dagger            |       |    16 |    33 |    14 |       |       ||    63
       Hand axe          |       |       |       |    51 |    55 |       ||   106
       Falchion          |       |       |       |    17 |   104 |       ||   121
       Staff             |       |       |       |       |   169 |   550 ||   719
 Cast: Magic Dart        |    48 |   132 |   416 |   515 |   876 |   154 ||  2141
       Searing Ray       |       |     4 |     7 |    10 |     2 |       ||    23
       Iskenderun's Batt |       |       |    18 |    75 |   109 |    16 ||   218
       Mephitic Cloud    |       |       |     3 |    55 |    61 |     9 ||   128
       Conjure Flame     |       |       |       |    25 |    33 |    75 ||   133
       Force Lance       |       |       |       |     2 |   126 |    77 ||   205
       Sticky Flame      |       |       |       |     1 |    13 |     7 ||    21
       Fireball          |       |       |       |     7 |   187 |   127 ||   321
       Delayed Fireball  |       |       |       |       |    12 |     3 ||    15
       Spellforged Servi |       |       |       |       |     5 |     3 ||     8
       Orb of Destructio |       |       |       |       |     2 |    59 ||    61
       Swiftness         |       |       |       |       |       |     2 ||     2
 Abil: Release Delayed F |       |       |       |       |    12 |     2 ||    14
  Use: Potion            |     2 |       |     1 |     2 |     5 |     3 ||    13
       Scroll            |       |     4 |     6 |    19 |    17 |    11 ||    57
 Stab: Confused          |       |       |       |     2 |       |     2 ||     4
       Distracted        |       |       |       |       |       |     2 ||     2
  Eat: Chunk             |       |     8 |    12 |    28 |    65 |    19 ||   132
       Meat ration       |       |       |     2 |       |       |       ||     2
       Fruit             |       |       |     1 |     5 |       |       ||     6
       Beef jerky        |       |       |     1 |     1 |     7 |     2 ||    11
       Pizza             |       |       |       |     4 |     5 |     7 ||    16
       Bread ration      |       |       |       |       |       |     5 ||     5
